 Dungeon Crawl Stone Soup version 0.27-a0-1188-g73eefd5def (webtiles) character file.

Game seed: 12902065280116064480

314 kalamak the Digger (level 6, 0/32 HPs)
             Began as a Gargoyle Earth Elementalist on May 21, 2021.
             Was an Initiate of Vehumet.
             Slain by a scorpion (8 damage)
             ... on level 4 of the Dungeon.
             The game lasted 00:07:23 (5123 turns).

kalamak the Digger (Gargoyle Earth Elementalist)    Turns: 5123, Time: 00:07:24

Health: 0/32       AC:  7    Str: 12    XL:     6   Next: 43%
Magic:  7/12       EV: 11    Int: 17    God:    Vehumet [......]
Gold:   131        SH:  0    Dex: 10    Spells: 4/13 levels left

rFire    . . .     SeeInvis .   e - +0 short sword
rCold    . . .     Faith    .   (no shield)
rNeg     + . .     Spirit   .   c - +0 robe
rPois    ∞         Reflect  .   (no helmet)
rElec    +         Harm     .   h - +0 cloak
rCorr    .         Rampage  .   (no gloves)
Will     .....                  (no boots)
Stlth    ++........             (no amulet)
HPRegen  0.10/turn              (no ring)
MPRegen  0.13/turn              (no ring)

@: no status effects
A: sickness immunity, AC +4, negative energy resistance 1, electricity
resistance, torment resistance 1, petrification resistance
a: Renounce Religion


You were on level 4 of the Dungeon.
You worshipped Vehumet.
Vehumet was noncommittal.
You visited 2 branches of the dungeon, and saw 5 of its levels.

You collected 131 gold pieces.

Inventory:

Hand Weapons
 e - a +0 short sword (weapon)
 i - a +0 flail
Missiles
 b - 19 stones
Armour
 c - a +0 robe (worn)
 h - a +0 cloak (worn)
Scrolls
 f - a scroll of identify
Potions
 a - a potion of resistance


   Skills:
 - Level 1.5 Dodging
 - Level 2.1 Stealth
 + Level 4.0 Spellcasting
 + Level 3.3 Conjurations
 - Level 0.7 Transmutations
 + Level 5.8 Earth Magic


You had 4 spell levels left.
You knew the following spells:

 Your Spells              Type           Power      Damage    Failure   Level
a - Sandblast             Erth           46%        2d11      1%          1
b - Stone Arrow           Conj/Erth      36%        3d9       8%          3
c - Lee's Rapid Deconstr  Erth           11%        3d9*      38%         5

Your spell library contained the following spells:

 Spells                   Type           Power      Damage    Failure   Level
 Passwall                 Tmut/Erth      11%        N/A       6%          2
 Petrify                  Tmut/Erth      14%        N/A       38%         4


Dungeon Overview and Level Annotations

Branches:
Dungeon (4/15)             Temple (1/1) D:4

Altars:
Cheibriados
Dithmenos
Elyvilon
Gozag
Hepliaklqana
Kikubaaqudgha
Makhleb
Okawaru
Qazlal
Ru
Trog
Uskayaw
Vehumet
Wu Jian
Xom
Zin

Annotations:
D:4 1 runed translucent door, Dwachs's ghost, amateur DDFi


Innate Abilities, Weirdness & Mutations

You are immune to sickness and miasma.
Your stone body is resilient. (AC +4)
You are immune to poison.
You resist negative energy. (rN+)
You are resistant to electric shocks. (rElec)
You are resistant to unholy torment.
You are immune to petrification.


Message History

Casting: Sandblast (safe; 1% risk of failure)
Confirm with . or Enter, or press ? or * to list all spells.
Aiming: Sandblast (safe; 1% risk of failure)
Press: ? - help, Shift-Dir - straight line, f - scorpion
Aim: a scorpion (lightly wounded, 81% to hit)
The blast of sand hits the scorpion.
The scorpion is moderately wounded.
The scorpion misses you. The scorpion stings you.
Unknown command.
Casting: Sandblast (safe; 1% risk of failure)
Confirm with . or Enter, or press ? or * to list all spells.
The spell is quite dangerous to cast (8% risk of failure)!
Continue anyway?
Okay, then.
Unknown command.
Casting: Stone Arrow (quite dangerous; 8% risk of failure)
Confirm with . or Enter, or press ? or * to list all spells.
The spell is quite dangerous to cast (8% risk of failure)!
Continue anyway?
Uppercase [Y]es or [N]o only, please.
The spell is quite dangerous to cast (8% risk of failure)!
Continue anyway?
Okay, then.
Casting: Stone Arrow (quite dangerous; 8% risk of failure)
Confirm with . or Enter, or press ? or * to list all spells.
The spell is quite dangerous to cast (8% risk of failure)!
Continue anyway?
Aiming: Stone Arrow (quite dangerous; 8% risk of failure)
Press: ? - help, Shift-Dir - straight line, f/p - scorpion
Aim: a scorpion (moderately wounded, 68% to hit)
The stone arrow misses the scorpion.
The stone arrow hits the orc!
You kill the orc!
Vehumet accepts your kill. The scorpion stings you.
* * * LOW HITPOINT WARNING * * *
Casting: Stone Arrow (quite dangerous; 8% risk of failure)
Confirm with . or Enter, or press ? or * to list all spells.
Aiming: Sandblast (safe; 1% risk of failure)
Press: ? - help, Shift-Dir - straight line, f/p - scorpion
Aim: a scorpion (moderately wounded, 81% to hit)
The blast of sand hits the scorpion.
The scorpion is severely wounded.
The scorpion stings you!
You die...

####..<.#.........#.###..#.# ....
#.....)...............#.##.#..
........#..⌠...⌠..#......#.#.....
##8#....#.........#.##...........
# #.........>......#...#....##.#
......#.......†.##..#.#..#....#
########..⌠...⌠†.##..........#..
.......)........#..........
..#.......@.#...#.......!## .
##.##.##s##.#....>.......
#.#....J...##....)......
......##..#..##?.....†....
..........>..#............
...#.###................... .....
......$............. ....
.#.#.....#.....##.##. ...
.......##.......# .# .


You could see a scorpion and an endoplasm.

Vanquished Creatures
  An orc priest (D:4)
  A centaur skeleton (D:4)
  A gnoll shaman (D:3)
  2 orc wizards (D:3)
  A hound skeleton (D:4)
  3 gnolls (D:3)
  4 adders
  4 dart slugs
  10 orcs
  12 endoplasms
  4 giant cockroaches
  6 goblins
  6 hobgoblins
  4 jackals
  A quokka (D:3)
  3 ball pythons
  3 bats
  14 frilled lizards (D:1)
  7 kobolds
  6 rats
93 creatures vanquished.

Vanquished Creatures (others)
  8 plants (D:1)
8 creatures vanquished.

Grand Total: 101 creatures vanquished

Notes
Turn   | Place    | Note
-------+----------+-------------------------------------------
     0 | D:1      | kalamak the Gargoyle Earth Elementalist began the quest for
                  | the Orb.
     0 | D:1      | Reached XP level 1. HP: 10/10 MP: 3/3
   498 | D:1      | Reached XP level 2. HP: 15/15 MP: 3/5
   563 | D:1      | Reached skill level 4 in Earth Magic
  1176 | D:1      | Reached XP level 3. HP: 19/19 MP: 4/6
  1180 | D:1      | Learned a level 3 spell: Stone Arrow
  1700 | D:1      | Found a faded altar of an unknown god.
  2026 | D:2      | Reached skill level 1 in Conjurations
  2475 | D:2      | Reached XP level 4. HP: 24/24 MP: 6/8
  3318 | D:3      | Reached skill level 5 in Earth Magic
  3361 | D:3      | Reached XP level 5. HP: 8/28 MP: 2/10
  3370 | D:3      | Learned a level 5 spell: Lee's Rapid Deconstruction
  4053 | D:3      | Found a radiant altar of Vehumet.
  4053 | D:3      | Found an opulent altar of Gozag.
  4120 | D:3      | Became a worshipper of Vehumet
  4389 | D:4      | Found a staircase to the Ecumenical Temple.
  4417 | D:4      | Reached XP level 6. HP: 23/32 MP: 11/11
  4505 | D:4      | Found a runed translucent door.
  4528 | D:4      | Noticed Dwachs's ghost (amateur DDFi)
  4581 | Temple   | Entered the Ecumenical Temple
  4681 | Temple   | HP: 1/32 [orc/+0 short sword (2)]
  5123 | D:4      | Slain by a scorpion

Illustrated notes

Levels and vault maps discovered:
D:1:      mrwooster_arrival_statue_3, layout_loops_corners,
          chequers_ecumenical_altar_lobes, minmay_lizard_king
D:2:      layout_loops_ring
D:3:      layout_basic, gammafunk_temple_overflow_pools
D:4:      layout_rooms, minmay_temple_entry_large_hall, ebering_ghost_sewer_f,
          amcnicky_mini_corridor_feature
Temple:   eino_temple_lava

Skill      XL: |  1  2  3  4  5  6 |
---------------+-------------------+-----
Earth Magic    | 4 5 |  5.8
Conjurations   | 1 2 3 |  3.3
Spellcasting   | 3 4 |  4.0
Dodging        | |  1.5
Stealth        | |  2.1
Transmutations | |  0.7

Action                   |  1- 3 |  4- 6 || total
-------------------------+-------+-------++-------
Melee: Unarmed           |    49 |       ||    49
       Short sword       |   101 |   148 ||   249
 Cast: Sandblast         |    18 |    50 ||    68
       Stone Arrow       |       |     1 ||     1
  Use: Scroll            |     2 |     4 ||     6
       Potion            |       |     2 ||     2
 Stab: Sleeping          |     4 |     2 ||     6
       Distracted        |       |     1 ||     1
Armor: Robe              |    57 |   125 ||   182
Dodge: Dodged            |   104 |   143 ||   247

Table legend: (Time is in decaauts)
 A = Elapsed time spent in this place.
 B = Non-inter-level travel time spent in this place.
 C = Inter-level travel time spent in this place.
 D = Time resting spent in this place.
 E = Time spent auto-exploring this place.
 F = Levels seen in this place.
 G = Mean time per level.
                   A        B        C        D        E       F      G
               +--------+--------+--------+--------+--------+-----+--------+
         Total |   5132 |   5028 |    104 |    844 |   3319 |   5 | 1026.4 |
       Dungeon |   4676 |   4580 |     96 |    462 |   3278 |   4 | 1169.0 |
        Temple |    455 |    447 |      8 |    382 |     41 |   1 |  455.0 |
               +--------+--------+--------+--------+--------+-----+--------+

Top non-repeatable levels by time:
     D:1: 1886 daAuts
     D:3: 1524 daAuts
     D:2: 995 daAuts
  Temple: 455 daAuts
     D:4: 271 daAuts
